 Dungeon Crawl Stone Soup version 0.29-a0-1061-gbc57f8f (webtiles) character file.

Game seed: 13477010026519121323

11 Salanewt the Chiller (level 2, 0/19 HPs)
             Began as a Barachi Ice Elementalist on Aug 17, 2022.
             Killed from afar by a dart slug (2 damage)
             ... with a slug dart
             ... on level 2 of the Dungeon.
             The game lasted 00:05:02 (789 turns).

Salanewt the Chiller (Barachi Ice Elementalist)      Turns: 789, Time: 00:05:07

Health: 0/19       AC:  2    Str:  9    XL:     2   Next: 25%
Magic:  5/5        EV: 12    Int: 15    God:
Gold:   42         SH:  0    Dex: 12    Spells: 5/6 levels left

rFire   . . .      SeeInvis .   c - +0 dagger
rCold   . . .      Faith    .   (no shield)
rNeg    . . .      Spirit   .   a - +0 robe
rPois   .          Reflect  .   (no helmet)
rElec   .          Harm     .   (no cloak)
rCorr   .          Rampage  .   (no gloves)
Will    .....                   (no boots)
Stlth   ++........              (no amulet)
HPRegen 0.06/turn               (no ring)
MPRegen 0.09/turn               (no ring)

@: slow
A: amphibious, slowness 1, strong legs 1, +LOS
a: Hop


You were on level 2 of the Dungeon.
You visited 1 branch of the dungeon, and saw 2 of its levels.

You collected 66 gold pieces.
You spent 24 gold pieces at shops.

Inventory:

Hand Weapons
 c - a +0 dagger (weapon)
Armour
 a - a +0 robe (worn)
 j - a +0 pair of boots
Scrolls
 d - a scroll of magic mapping {unknown}
 h - 2 scrolls of teleportation {unknown}
 i - a scroll of identify
Potions
 b - a potion of magic
 e - a potion of flight {unknown}
 f - a potion of lignification {unknown}
 g - a potion of might {unknown}


   Skills:
 - Level 2.1 Dodging
 - Level 2.0 Stealth
 + Level 2.5 Spellcasting
 + Level 5.1 Ice Magic


You had 5 spell levels left.
You knew the following spells:

 Your Spells              Type           Power      Damage    Failure   Level
a - Freeze                Ice            68%        1d8       2%          1

Your spell library contained the following spells:

 Spells                   Type           Power      Damage    Failure   Level
 Frozen Ramparts          Ice            34%        1d6       8%          3
 Ozocubu's Armour         Ice            17%        N/A       8%          3
 Magic Dart               Conj           4%         1d3       22%         1
 Call Imp                 Summ           1%         N/A       32%         2
 Mephitic Cloud           Conj/Pois/Air  1%         N/A       54%         3
 Hailstorm                Conj/Ice       9%         3d4       58%         4


Dungeon Overview and Level Annotations

Branches:
Dungeon (2/15)

Altars:

Shops:
D:1 ?


Innate Abilities, Weirdness & Mutations

You are amphibious.
You cover ground slowly.
You can hop short distances.
You have an extended range of vision and can be seen from far away.


Message History

Press: ? - help, Shift-Dir - straight line, f/p - giant cockroach
Aim: a giant cockroach (severely wounded)
You freeze the giant cockroach!
You kill the giant cockroach!
Your magical contamination has completely faded away.
A bat comes into view.
Found 16 gold pieces.
Found 12 gold pieces.
The bat closely misses you.
Casting: Freeze (safe; 2% risk of failure)
Confirm with . or Enter, or press ? or * to list all spells.
Aiming: Freeze (safe; 2% risk of failure)
Press: ? - help, Shift-Dir - straight line, f - bat
Aim: a bat You freeze the bat!
You kill the bat!
Found a stone staircase leading down.
You now have 15 gold pieces (gained 12).
You now have 31 gold pieces (gained 16).
Found a ring mail and a pair of boots.
Found 11 gold pieces.
A dart slug comes into view.
You see here a +0 pair of boots.
j - a +0 pair of boots The dart slug launches a dart at you.
The slug dart hits you.
* * * LOW HITPOINT WARNING * * *
The dart slug launches a dart at you. The slug dart hits you.
* * * LOW HITPOINT WARNING * * *
You now have 42 gold pieces (gained 11).
The dart slug launches a dart at you. The slug dart misses you.
You start putting on your armour.
You continue putting on your +0 pair of boots.
The dart slug launches a dart at you.
Keep equipping yourself?
Uppercase [Y]es or [N]o only, please.
Keep equipping yourself?
The slug dart hits you.
You die...

..# #.# #.# #.# .##
##.# #.# ..##... #.#
.....# #.# #w..# #.#
#...######@#
##...w......#
#...........#
#...........#
#...........#
######...........#
.....#...........#
.....###..#######...
.....+............##


You could see a dart slug.

Vanquished Creatures
  A bat (D:2)
  A giant cockroach (D:2)
  A goblin (D:1)
  2 hobgoblins
  3 ball pythons
  2 rats (D:1)
10 creatures vanquished.

Notes
Turn   | Place    | Note
-------+----------+-------------------------------------------
     0 | D:1      | Salanewt the Barachi Ice Elementalist began the quest for
                  | the Orb.
     0 | D:1      | Reached XP level 1. HP: 13/13 MP: 3/3
   399 | D:1      | Found Siunway's Magic Scroll Emporium.
   467 | D:1      | Bought a scroll of identify for 24 gold pieces
   667 | D:2      | Reached skill level 5 in Ice Magic
   667 | D:2      | Reached XP level 2. HP: 18/19 MP: 5/5
   789 | D:2      | Killed from afar by a dart slug

Illustrated notes

Levels and vault maps discovered:
D:1:      psy_arrival_dodecagon, layout_loops_ring, serial_shops,
          nicolae_shop_waterfront
D:2:      minmay_razor_zed, layout_basic, serial_shops,
          nicolae_shop_bloodbath_and_beyond, uniq_sigmund, uniq_terence

Skill      XL: |  1 |
---------------+----+-----
Stealth        | 2 |  2.0
Ice Magic      | 5 |  5.1
Dodging        | |  2.1
Spellcasting   | |  2.5

Action                   || total
-------------------------++-------
Melee: Dagger            ||    31
 Cast: Freeze            ||     5
 Stab: Sleeping          ||     1
Armor: Robe              ||     8
Dodge: Dodged            ||    22

Table legend: (Time is in decaauts)
 A = Elapsed time spent in this place.
 B = Non-inter-level travel time spent in this place.
 C = Inter-level travel time spent in this place.
 D = Time resting spent in this place.
 E = Time spent auto-exploring this place.
 F = Levels seen in this place.
 G = Mean time per level.
                   A        B        C        D        E       F      G
               +--------+--------+--------+--------+--------+-----+--------+
         Total |    934 |    667 |    267 |      0 |      0 |   2 |  467.0 |
       Dungeon |    934 |    667 |    267 |      0 |      0 |   2 |  467.0 |
               +--------+--------+--------+--------+--------+-----+--------+

Top non-repeatable levels by time:
     D:1: 770 daAuts
     D:2: 164 daAuts
